 Dungeon Crawl Stone Soup version 0.29-a0-23-ga79f92ac9c (webtiles) character file.

Game seed: 9639221466874138170

219480 soggyman666 the Hoplite (level 19, -9/172 HPs)
             Began as a Hill Orc Fighter on Jan 30, 2022.
             Was the Champion of the Shining One.
             Killed from afar by an acid blob (13 damage)
             ... with a splash of acid
             ... on level 3 of the Pits of Slime.
             The game lasted 03:16:24 (47588 turns).

soggyman666 the Hoplite (Hill Orc Fighter)         Turns: 47588, Time: 03:16:25

Health: -9/172     AC: 22    Str: 23    XL:     19   Next: 14%
Magic:  16/24      EV:  9    Int:  8    God:    the Shining One [******]
Gold:   2669       SH: 16    Dex: 14    Spells: 18/18 levels left

rFire   + . .      SeeInvis +   i - +7 scimitar "Demon's Death" {freeze, rElec rC+ Will+ Dex+4}
rCold   + . .      Faith    +   X - +0 kite shield {reflect}
rNeg    + + +      Spirit   .   T - +14 plate armour of Metiat {rF+ Dex+2}
rPois   +          Reflect  +   l - +0 helmet {SInv}
rElec   +          Harm     .   q - +0 cloak {rCorr}
rCorr   +          Rampage  .   k - +2 pair of gloves
Will    ++...                   Q - +0 pair of boots
Stlth   ..........              D - amulet of faith
HPRegen 0.00/turn               r - ring of poison resistance
MPRegen 0.19/turn               y - +4 ring of protection

@: corroded, inhibited regen, glowing, studying Crossbows, unable to read
A: hooves 1, clumsy 1, deformed body, low MP 2, screaming 1, inhibited
regeneration, weak 2, no potion heal 1, inability to read while threatened
}: 1/15 runes: decaying
a: Renounce Religion, Divine Shield, Cleansing Flame, Summon Divine Warrior


You were on level 3 of the Pits of Slime.
You worshipped the Shining One.
The Shining One was exalted by your worship.
You visited 9 branches of the dungeon, and saw 37 of its levels.
You visited the Abyss 2 times.
You also visited: Ossuary.

You collected 2943 gold pieces.
You spent 274 gold pieces at shops.

Inventory:

Hand Weapons
 a - the +9 hand axe of Kelia {vamp, Fragile rF+ rN+ SInv}
   (You found it on level 4 of the Swamp)

   It occasionally heals its wielder for a portion of the damage dealt when it
   wounds a living foe.
   rF:        It protects you from fire.
   rN:        It protects you from negative energy.
   SInv:      It lets you see invisible.
   Fragile:   It will be destroyed if unequipped.
   The Shining One disapproves of the use of such an item.
 b - a +7 long sword of holy wrath
 i - the +7 scimitar "Demon's Death" (weapon) {freeze, rElec rC+ Will+ Dex+4}
   (You found it on level 2 of the Dungeon)

   It freezes those it strikes, dealing additional cold damage.
   It can also slow down cold-blooded creatures.
   Dex:       It affects your dexterity (+4).
   rC:        It protects you from cold.
   rElec:     It insulates you from electricity.
   Will:      It increases your willpower.
 L - a +7 long sword of electrocution
 M - a +7 scimitar of flaming
Missiles
 e - 348 bolts
Armour
 h - the +7 chain mail of Repulsion {Will++ rCorr Int-5 SInv}
   (You found it on level 6 of the Lair of Beasts)

   Int:       It affects your intelligence (-5).
   SInv:      It lets you see invisible.
   rCorr:     It protects you from acid and corrosion.
   Will:      It greatly increases your willpower.
 k - a +2 pair of gloves (worn)
 l - a +0 helmet of see invisible (worn)
 q - a +0 cloak of preservation (worn)
 Q - a +0 pair of boots (worn)
 T - the +14 plate armour of Metiat (worn) {rF+ Dex+2}
   (You found it on level 1 of the Lair of Beasts)

   Dex:       It affects your dexterity (+2).
   rF:        It protects you from fire.
 X - a +0 kite shield of reflection (worn)
Jewellery
 o - a +4 ring of evasion
 r - a ring of poison resistance (left hand)
 w - a ring of protection from fire
 y - a +4 ring of protection (right hand)
 D - an amulet of faith (around neck)
 I - a ring of resist corrosion
 N - a +4 ring of slaying
 O - a +4 ring of slaying
 S - a +4 ring of evasion
 W - a ring of protection from cold
Wands
 p - a wand of polymorph (17)
 x - a wand of paralysis (13)
 z - a wand of acid (2)
 C - a wand of iceblast (13)
 H - a wand of flame (37) (quivered)
 K - a wand of digging (31)
Scrolls
 c - 4 scrolls of magic mapping
 g - 4 scrolls of silence
 n - 6 scrolls of holy word
 s - 9 scrolls of fog
 v - 5 scrolls of teleportation
 G - a scroll of fear
 P - 2 scrolls of amnesia
Potions
 d - 2 potions of might
 j - 13 potions of curing
 u - a potion of haste
 A - a potion of berserk rage
 B - 2 potions of resistance
 E - 5 potions of flight
 F - a potion of brilliance
 J - 3 potions of magic
 U - 4 potions of heal wounds
 V - a potion of cancellation
Miscellaneous
 Z - a phial of floods


   Skills:
 + Level 15.7 Fighting
 + Level 16.3 Long Blades
 + Level 4.7(9.4) Axes
 + Level 10.6(10.9) Maces & Flails
 + Level 0.7 Throwing
 + Level 14.4 Armour
 + Level 6.0 Dodging
 - Level 1.4 Stealth
 + Level 21.2 Shields
 + Level 16.0 Invocations
 * Level 11.2 Evocations


You had 18 spell levels left.
You didn't know any spells.
Your spell library contained the following spells:

 Spells                   Type           Power      Damage    Failure   Level
 Animate Skeleton         Necr           0%         N/A       99%         1
 Apportation              Tloc           0%         N/A       99%         1
 Beastly Appendage        Tmut           0%         N/A       99%         1
 Foxfire                  Conj/Fire      0%         2x1d4     99%         1
 Slow                     Hex            0%         N/A       99%         1
 Summon Small Mammal      Summ           0%         N/A       99%         1
 Corpse Rot               Necr/Air       0%         N/A       100%        2
 Ensorcelled Hibernation  Hex/Ice        0%         N/A       100%        2
 Passwall                 Tmut/Erth      0%         N/A       100%        2
 Poisonous Vapours        Pois/Air       0%         N/A       100%        2
 Scorch                   Fire           0%         2d5       100%        2
 Static Discharge         Conj/Air       0%         N/A       100%        2
 Sublimation of Blood     Necr           0%         N/A       100%        2
 Confusing Touch          Hex            0%         N/A       100%        3
 Conjure Flame            Conj/Fire      0%         6-21      100%        3
 Inner Flame              Hex/Fire       0%         N/A       100%        3
 Ozocubu's Armour         Ice            0%         N/A       100%        3
 Spider Form              Tmut/Pois      0%         N/A       100%        3
 Vampiric Draining        Necr           0%         2d6       100%        3
 Anguish                  Hex/Necr       0%         N/A       100%        4
 Cause Fear               Hex            0%         N/A       100%        4
 Dispel Undead            Necr           0%         3d6       100%        4
 Flame Wave               Conj/Fire      0%         2d4       100%        4
 Petrify                  Tmut/Erth      0%         N/A       100%        4
 Alistair's Intoxication  Tmut/Pois      0%         N/A       100%        5
 Borgnjor's Vile Clutch   Necr/Erth      0%         N/A       100%        5
 Irradiate                Conj/Tmut      0%         3d14      100%        5
 Lightning Bolt           Conj/Air       0%         1d11      100%        5
 Metabolic Englaciation   Hex/Ice        0%         N/A       100%        5
 Yara's Violent Unravell  Hex/Tmut       0%         3d3       100%        5
 Death Channel            Necr           0%         N/A       100%        6
 Dispersal                Tloc           0%         N/A       100%        6
 Eringya's Noxious Bog    Tmut/Pois      0%         N/A       100%        6
 Simulacrum               Ice/Necr       0%         N/A       100%        6
 Statue Form              Tmut/Erth      0%         N/A       100%        6
 Summon Cactus Giant      Summ           0%         N/A       100%        6
 Enfeeble                 Hex            0%         N/A       100%        7
 Borgnjor's Revivificati  Necr           0%         N/A       100%        8
 Discord                  Hex            0%         N/A       100%        8
 Disjunction              Tloc           0%         N/A       100%        8
 Maxwell's Capacitive Co  Air            0%         ∞         100%        8
 Necromutation            Tmut/Necr      0%         N/A       100%        8
 Death's Door             Necr           0%         N/A       100%        9


Dungeon Overview and Level Annotations

Branches:
Dungeon (15/15)            Temple (1/1) D:7            Lair (6/6) D:11
  Swamp (4/4) Lair:4       Spider (1/4) Lair:3        Slime (5/5) Lair:5
    Orc (2/2) D:10            Elf (2/3) Orc:2        Vaults (0/5) D:13
 Depths (1/4) D:15        Ossuary (visited)

Altars:
Ashenzari
Cheibriados
Dithmenos
Elyvilon
Fedhas
Gozag
Hepliaklqana
Kikubaaqudgha
Makhleb
Nemelex Xobeh
Okawaru
Qazlal
Ru
Sif Muna
Trog
Uskayaw
Vehumet
Wu Jian
Xom
Yredelemnul
Zin
The Shining One
Beogh
Jiyva

Shops:
D:6 !   Orc:2 :*([   Elf:1 !

Portals:
Pandemonium: Depths:1
Trove: Elf:1 (give +5 demon blade)

Annotations:
Slime:5 Royal Jelly


Innate Abilities, Weirdness & Mutations

You have large cloven feet.
You are clumsy. (Dex -2)
Armour fits poorly on your strangely shaped body.
Your magical capacity is very low. (-20% MP)
You occasionally shout uncontrollably at your foes.
You do not regenerate when monsters are visible.
You are very weak. (Str -4)
Potions are less effective at restoring your health.
You sometimes lose the ability to read scrolls when taking damage.


Message History

The azure jelly hits you but does no damage. x2
You are too confused!
Your system partially rejects the healing.
You feel much better.
You are splashed with acid.
* * * LOW HITPOINT WARNING * * *
The golden eye blinks at you. You resist with almost no effort.
The acid blob hits you.
* * * LOW HITPOINT WARNING * * *
You are splashed with acid.
You resist.
* * * LOW HITPOINT WARNING * * *
The azure jelly closely misses you.
The azure jelly hits you but does no damage.
The azure jelly misses you. The azure jelly barely misses you.
The slime creature hits you but does no damage.
You are too confused!
You are too confused!
Okay, then.
Your system partially rejects the healing.
You feel better.
You are splashed with acid.
* * * LOW HITPOINT WARNING * * *
The golden eye blinks at you. You resist with almost no effort.
The acid blob barely misses you. The azure jelly closely misses you.
The azure jelly hits you but does no damage.
The azure jelly barely misses you. You block the azure jelly's attack.
The slime creature misses you. The golden eye blinks at you.
You resist with some effort.
You are momentarily dazzled by a brilliant light.
You are splashed with acid.
* * * LOW HITPOINT WARNING * * *
The acid blob spits acid at you. The splash of acid hits you! You resist.
The Shining One protects you from harm!
The azure jelly barely misses you. x2; You block the azure jelly's attack.
The azure jelly closely misses you. The slime creature hits you.
* * * LOW HITPOINT WARNING * * *
The acid blob spits acid at you. The splash of acid hits you! You resist.
You die...

########### ### ###
####.#...#.#.###.####.##
##.....AG@.........##...## #
##.......JJJ........#.....#
##.##.#.......................#
#.........#...................#
#........#....................
###...........................
##.###.#.#.......##....<....
### ######.................
#...........#...#.#


You could see an acid blob, an azure jelly, a slime creature, a golden eye (ally
target) and a friendly angel (summoned).

Vanquished Creatures
  Rupert (Orc:2)
  9 acid blobs
  Gastronok (Lair:2)
  2 tentacled starspawn (Abyss:2)
  A thorn hunter (Swamp:4)
  3 azure jellies
  2 rockslimes (Slime:2)
  Donald (Swamp:2)
  An orc warlord (Orc:2)
  Louise (Swamp:4)
  The ghost of knot the Executioner, an adept DsBe of Trog (Elf:1)
  2 deep elf sorcerers (Elf:1)
  7 quicksilver oozes
  4 ghouls (Swamp:1)
  5 eleionomae
  A stone giant (Depths:1)
  2 spark wasps (Depths:1)
  A bunyip (Swamp:2)
  A deep elf death mage (Elf:1)
  Josephine (D:10)
  A shambling mangrove (Swamp:4)
  A yaktaur captain (D:13)
  Harold (D:7)
  The ghost of Bediveer the Basher, a journeyman GrFi of Okawaru (Lair:1)
  A spriggan zombie (D:15)
  An ice dragon (Depths:1)
  2 naga warriors (Abyss:2)
  Erolcha (Orc:1)
  6 great orbs of eyes
  A rakshasa (Abyss:2)
  The ghost of Omoojoath the Cleaver, a journeyman DsGl of Okawaru (Lair:1)
  A ghost crab (Swamp:4)
  Erica (Orc:1)
  5 boulder beetles
  A catoblepas (D:12)
  27 hydras
  A spriggan air mage (Swamp:4)
  6 centaur warriors
  2 death knights (D:12)
  5 two-headed ogres
  The ghost of Bunwiu the Slicer, a journeyman KoBe of Trog (Lair:1)
  6 dancing weapons (Elf:1)
  3 tengu warriors
  8 alligators
  3 death yaks (Lair:5)
  Urug (D:12)
  4 spriggan berserkers
  5 orc high priests
  4 deep elf knights (Elf:1)
  A thrashing horror (Abyss:2)
  A death drake (Swamp:3)
  6 goliath frogs
  6 skeletal warriors
  A spatial maelstrom (Abyss:2)
  3 bog bodies
  5 deep elf archers (Elf:1)
  7 swamp dragons
  3 spriggan druids
  A phantasmal warrior (D:15)
  A necromancer (D:15)
  2 wizards (Elf:1)
  Pikel (D:7)
  A lindwurm (Lair:6)
  9 orc knights
  11 deep elf pyromancers
  12 deep elf zephyrmancers
  A fire giant zombie (D:15)
  7 ugly things
  7 shining eyes
  A wolf spider (D:14)
  2 manticores
  2 orc sorcerers
  6 will-o-the-wisps
  7 cyclopes
  17 elephants
  A stone giant skeleton (D:15)
  A black mamba (Lair:1)
  A fire giant skeleton (D:15)
  A guardian serpent (Abyss:2)
  12 cane toads
  2 apocalypse crabs (Abyss:2)
  3 centaur skeletons (D:10)
  2 gargoyles (D:12)
  3 unseen horrors
  2 torpor snails
  Maggie (D:7)
  2 eyes of devastation
  3 rime drakes
  2 yaktaurs (D:13)
  A komodo dragon (shapeshifter) (Abyss:2)
  3 efreet
  6 komodo dragons
  A queen bee (Lair:3)
  5 meliai
  2 trolls (D:12)
  8 tyrant leeches
  11 hornets
  19 blink frogs
  72 slime creatures
  7 polar bears
  11 dream sheep
  An air elemental (Elf:1)
  A meliai zombie (D:11)
  5 shadows
  20 spriggans
  A centaur simulacrum (D:14)
  4 flying skulls (D:10)
  A water elemental (Elf:1)
  7 wraiths
  2 ynoxinuls (Abyss:2)
  3 wyverns
  A fire elemental (Elf:1)
  37 yaks
  2 fire bats (Abyss:2)
  2 basilisks (Lair:1)
  11 golden eyes
  2 steam dragons
  2 wargs
  16 vampire mosquitoes
  2 large abominations (Abyss:2)
  19 swamp worms
  An acid dragon (D:9)
  A naga (Abyss:2)
  17 water moccasins
  A sky beast (D:6)
  38 orc warriors
  5 black bears
  2 swamp drakes (Swamp:4)
  A hornet zombie (D:8)
  3 necrophages
  8 centaurs
  8 ogres
  9 boggarts
  42 wolves
  A lemure (D:7)
  2 phantoms
  4 small abominations (Abyss:2)
  4 kobold brigands
  17 bullfrogs
  10 scorpions
  2 earth elementals (Elf:1)
  32 killer bees
  12 wights
  2 howler monkeys (D:14)
  15 centaur zombies
  22 orc priests
  A bullfrog skeleton (D:4)
  2 gnoll shamans (D:6)
  4 hounds
  2 human zombies (Ossuary)
  3 iguanas
  5 scorpion zombies (Ossuary)
  13 orc wizards
  4 mummies
  3 howler monkey zombies
  11 gnolls
  6 adders
  A howler monkey skeleton (D:6)
  A white imp (Abyss:2)
  2 ufetubi
  An adder skeleton (D:4)
  3 worms
  A dart slug (D:2)
  65 orcs
  5 ball pythons
  6 endoplasms
  2 giant cockroaches
  2 gnoll zombies (Ossuary)
  11 goblins
  12 hobgoblins
  9 jackals (D:3)
  21 kobolds
  2 quokkas (D:4)
  6 bats
  3 frilled lizards
  4 goblin zombies
  4 hobgoblin zombies (Ossuary)
  2 kobold zombies (Ossuary)
  4 orc zombies
  3 rats
  2 briar patches (Swamp:4)
1075 creatures vanquished.

Vanquished Creatures (collateral kills)
  A rockslime (Slime:4)
  An azure jelly (Slime:4)
  An eleionoma (Swamp:3)
  An alligator (Swamp:3)
  5 swamp dragons
  A will-o-the-wisp (Swamp:3)
  A rime drake (Swamp:4)
  A hornet (Swamp:3)
  A slime creature (Slime:4)
  A spriggan (Swamp:3)
  5 swamp drakes
19 creatures vanquished.

Vanquished Creatures (others)
  4 bloated husks
  2 briar patches (Swamp:4)
  70 foxfires
  49 fungi
  53 plants
  4 starspawn tentacles (Abyss:2)
  3 withered plants
185 creatures vanquished.

Grand Total: 1279 creatures vanquished

Notes
Turn   | Place    | Note
-------+----------+-------------------------------------------
     0 | D:1      | soggyman666 the Hill Orc Fighter began the quest for the
                  | Orb.
     0 | D:1      | Reached XP level 1. HP: 19/19 MP: 1/1
     7 | D:1      | You fall into a shaft and drop 1 floor!
    23 | D:2      | Reached XP level 2. HP: 17/27 MP: 2/2
   204 | D:2      | Identified the +7 scimitar "Demon's Death" {freeze, rElec
                  | rC+ Will+ Dex+4}
   526 | D:2      | Identified a scroll of acquirement
   526 | D:2      | Acquired a manual of Invocations
   873 | D:1      | Reached XP level 3. HP: 33/33 MP: 3/3
   878 | D:1      | Found a faded altar of an unknown god.
  1219 | D:1      | Reached skill level 1 in Invocations
  1483 | D:1      | Reached skill level 1 in Long Blades
  1869 | D:3      | Reached XP level 4. HP: 36/40 MP: 5/5
  1874 | D:3      | Found a blossoming altar of Fedhas.
  2336 | D:3      | Reached XP level 5. HP: 45/46 MP: 7/7
  2582 | D:4      | Noticed an ogre
  2590 | D:4      | Killed an ogre
  2591 | D:4      | Reached skill level 4 in Shields
  2591 | D:4      | Reached XP level 6. HP: 52/52 MP: 9/9
  3059 | D:4      | Reached skill level 5 in Invocations
  3443 | D:4      | Noticed a necrophage
  3448 | D:4      | Killed a necrophage
  3449 | D:4      | Reached skill level 1 in Evocations
  3449 | D:4      | Reached XP level 7. HP: 60/60 MP: 11/11
  3555 | D:5      | Entered Level 5 of the Dungeon
  3771 | D:5      | Reached skill level 5 in Long Blades
  3773 | D:5      | Reached XP level 8. HP: 56/67 MP: 12/12
  3838 | D:5      | Found a sand-covered staircase.
  3845 | Ossuary  | Entered an ossuary
  3899 | Ossuary  | Reached skill level 1 in Dodging
  4041 | Ossuary  | Reached skill level 5 in Armour
  4152 | Ossuary  | Reached skill level 5 in Fighting
  4366 | Ossuary  | Acquired a manual of Shields
  4781 | D:5      | Reached XP level 9. HP: 73/74 MP: 15/15
  4989 | D:6      | Found Yras's Distillery.
  5138 | D:6      | Found a shimmering altar of Xom.
  5249 | D:6      | Reached skill level 1 in Stealth
  5282 | D:6      | Reached skill level 5 in Shields
  5681 | D:7      | Noticed Maggie
  5681 | D:7      | Noticed Harold
  5892 | D:7      | Found a staircase to the Ecumenical Temple.
  5940 | D:7      | Noticed Pikel
  5957 | D:7      | Killed Pikel
  5958 | D:7      | Reached skill level 10 in Invocations
  6226 | D:7      | Killed Harold
  6227 | D:7      | Reached XP level 10. HP: 61/84 MP: 18/18
  6256 | D:7      | Killed Maggie
  6257 | D:7      | Reached skill level 5 in Evocations
  6633 | Temple   | Entered the Ecumenical Temple
  6774 | Temple   | Became a worshipper of the Shining One
  6879 | D:8      | Reached skill level 10 in Long Blades
  7455 | D:8      | Reached * piety under the Shining One
  7869 | D:9      | Noticed a red ugly thing
  7876 | D:9      | Killed a red ugly thing
  7877 | D:9      | Reached skill level 6 in Shields
  8481 | D:9      | Reached XP level 11. HP: 92/92 MP: 20/20
  8675 | D:9      | Reached skill level 7 in Shields
  9008 | D:10     | Entered Level 10 of the Dungeon
  9106 | D:10     | Reached ** piety under the Shining One
  9119 | D:10     | Noticed a skeletal warrior
  9122 | D:10     | Noticed Josephine
  9155 | D:10     | Killed a skeletal warrior
  9487 | D:10     | Killed Josephine
  9501 | D:10     | Reached *** piety under the Shining One
  9527 | D:10     | Reached skill level 8 in Shields
  9884 | D:10     | Reached **** piety under the Shining One
  9950 | D:10     | Reached XP level 12. HP: 103/103 MP: 22/22
 10104 | D:10     | Found a roughly hewn altar of Beogh.
 10104 | D:10     | Found a staircase to the Orcish Mines.
 10162 | D:9      | Reached skill level 9 in Shields
 10589 | D:10     | Reached skill level 1 in Maces & Flails
 10617 | D:10     | Noticed a two-headed ogre
 10625 | D:10     | Killed a two-headed ogre
 10666 | D:10     | Found an iron altar of Okawaru.
 11320 | Orc:1    | Entered Level 1 of the Orcish Mines
 11583 | Orc:1    | Noticed Erolcha
 11586 | Orc:1    | Killed Erolcha
 11588 | Orc:1    | Noticed Erica
 11588 | Orc:1    | Noticed a two-headed ogre
 11739 | D:11     | Reached ***** piety under the Shining One
 12358 | D:11     | Reached skill level 5 in Maces & Flails
 12379 | D:11     | Identified the ring of Keus {rPois rF+ rC+ Dex-3}
 13298 | D:11     | Identified the +1 long sword of Fortitude {drain, rC+ rN+
                  | Str+3 Int-2}
 13421 | D:11     | Found a staircase to the Lair.
 13675 | Lair:1   | Entered Level 1 of the Lair of Beasts
 13699 | Lair:1   | Noticed a six-headed hydra
 13718 | Lair:1   | Killed a six-headed hydra
 14542 | Lair:1   | Reached XP level 13. HP: 111/111 MP: 23/23
 14877 | Lair:1   | Found a runed translucent gate.
 14877 | Lair:1   | Found a runed translucent gate.
 14880 | Lair:1   | Found a runed translucent gate.
 14881 | Lair:1   | Noticed Bunwiu's ghost (journeyman KoBe)
 14881 | Lair:1   | Noticed Omoojoath's ghost (journeyman DsGl)
 14881 | Lair:1   | Noticed Bediveer's ghost (journeyman GrFi)
 14951 | Lair:1   | Killed Bediveer's ghost
 14959 | Lair:1   | Killed Bunwiu's ghost
 14965 | Lair:1   | Killed Omoojoath's ghost
 15026 | Lair:1   | Identified the +2 ring mail "Lelageih" {*Slow rN+++ Will-
                  | Slay+6}
 15031 | Lair:1   | Identified the +14 plate armour of Metiat {rF+ Dex+2}
 15479 | Lair:2   | Reached skill level 15 in Invocations
 15541 | Lair:2   | Found a gate leading to a gauntlet.
 15598 | Lair:2   | Reached skill level 10 in Shields
 15733 | Lair:2   | Noticed Gastronok
 15745 | Lair:2   | Killed Gastronok
 16190 | Lair:3   | Found a hole to the Spider Nest.
 16756 | Spider:1 | Entered Level 1 of the Spider Nest
 16933 | Lair:3   | Reached skill level 11 in Shields
 17240 | Lair:3   | Reached skill level 10 in Fighting
 17497 | Lair:4   | Reached skill level 12 in Shields
 17708 | Lair:4   | Found a staircase to the Swamp.
 17722 | Swamp:1  | Entered Level 1 of the Swamp
 17730 | Swamp:1  | Noticed an eleionoma
 17942 | Lair:4   | Reached XP level 14. HP: 119/121 MP: 25/25
 18135 | Lair:4   | Reached skill level 13 in Shields
 18508 | Lair:5   | Found a staircase to the Slime Pits.
 18885 | Lair:5   | Reached skill level 14 in Shields
 18890 | Lair:5   | Reached ****** piety under the Shining One
 19034 | Lair:5   | Reached skill level 10 in Maces & Flails
 19542 | Lair:6   | Entered Level 6 of the Lair of Beasts
 19828 | Lair:5   | HP: 4/122 [poisoned by a cane toad]
 20309 | Lair:6   | Reached skill level 15 in Shields
 20340 | Lair:6   | Paralysed by a hornet for 1 turns
 20721 | Lair:6   | Reached skill level 10 in Armour
 20822 | Lair:6   | Got Sif Muna's Papyrus of Earthen Shape Shifting
 21197 | Lair:6   | Reached skill level 16 in Shields
 21206 | Lair:6   | Reached XP level 15. HP: 130/130 MP: 26/26
 21300 | Lair:6   | Identified the +7 chain mail of Repulsion {Will++ rCorr
                  | Int-5 SInv}
 22081 | D:12     | Noticed Urug
 22091 | D:12     | Killed Urug
 23245 | Slime:1  | Entered Level 1 of the Pits of Slime
 23252 | Slime:1  | Noticed an azure jelly
 23265 | Lair:5   | Killed an azure jelly
 24284 | D:12     | Identified a +7 long sword of holy wrath (a +5 vorpal long
                  | sword blessed by the Shining One)
 24284 | D:12     | Received a gift from the Shining One
 24398 | D:12     | Reached skill level 17 in Shields
 26108 | D:13     | Found a bloodstained altar of Trog.
 26395 | D:13     | Found a gate to the Vaults.
 27188 | D:14     | Reached XP level 16. HP: 104/140 MP: 27/27
 27593 | D:15     | Entered Level 15 of the Dungeon
 27673 | D:14     | Reached skill level 18 in Shields
 27821 | D:15     | Found a staircase to the Depths.
 28425 | D:15     | Found a blossoming altar of Fedhas.
 28541 | Depths:1 | Entered Level 1 of the Depths
 28748 | Depths:1 | Found a one-way gate leading to the halls of Pandemonium.
 29556 | Orc:1    | Killed Erica
 30144 | Orc:2    | Entered Level 2 of the Orcish Mines
 30144 | Orc:2    | Found Raexorug's Antique Weapon Shop.
 30368 | Orc:2    | Found a staircase to the Elven Halls.
 30462 | Orc:2    | Noticed Rupert
 30465 | Orc:2    | Found Aryorar's Book Shoppe.
 30475 | Orc:2    | Killed Rupert
 30586 | Orc:2    | Found Oryud's Antique Armour Shop.
 30734 | Orc:2    | Found Yregosom's General Store.
 30906 | Orc:2    | Bought a scroll of fear for 49 gold pieces
 31645 | Elf:1    | Entered Level 1 of the Elven Halls
 31699 | Elf:1    | Reached skill level 19 in Shields
 31756 | Elf:1    | Paralysed by an air elemental for 1 turns
 31876 | Elf:1    | Found Xuorghi's Distillery.
 31889 | Elf:1    | Bought a potion of haste for 150 gold pieces
 31889 | Elf:1    | Bought a potion of heal wounds for 75 gold pieces
 32374 | Elf:1    | Reached XP level 17. HP: 112/151 MP: 28/28
 32779 | Elf:1    | Found a large runed translucent door.
 32779 | Elf:1    | Found a large runed translucent door.
 32781 | Elf:1    | Noticed knot's ghost (adept DsBe)
 32795 | Elf:1    | Killed knot's ghost
 32796 | Elf:1    | Reached skill level 15 in Long Blades
 32952 | Elf:1    | Cast into level 2 of the Abyss (a deep elf sorcerer)
 33084 | Abyss:2  | Paralysed by a great orb of eyes for 3 turns
 33108 | Abyss:2  | Noticed a tentacled starspawn
 33118 | Abyss:2  | Killed a tentacled starspawn
 33144 | Abyss:2  | Paralysed by accursed screaming for 1 turns
 33601 | Abyss:2  | Noticed a tentacled starspawn
 33616 | Abyss:2  | Killed a tentacled starspawn
 33635 | Elf:1    | Escaped the Abyss
 34090 | Elf:1    | Found a portal to a secret trove of treasure.
 35013 | Swamp:1  | Reached skill level 5 in Dodging
 37519 | Swamp:3  | Reached skill level 20 in Shields
 38281 | Swamp:3  | Noticed Donald
 38509 | Swamp:2  | Killed Donald
 39393 | Swamp:4  | Entered Level 4 of the Swamp
 39393 | Swamp:4  | Noticed Louise
 39419 | Swamp:4  | Cast into level 2 of the Abyss (Louise)
 39467 | Swamp:4  | Escaped the Abyss
 39666 | Swamp:4  | Killed Louise
 39667 | Swamp:4  | Reached XP level 18. HP: 161/161 MP: 29/29
 40574 | Swamp:4  | Reached skill level 10 in Evocations
 40675 | Swamp:4  | Reached skill level 15 in Fighting
 42212 | Swamp:4  | Identified the +9 hand axe of Kelia {vamp, Fragile rF+ rN+
                  | SInv}
 42639 | Swamp:4  | Got a decaying rune of Zot
 43226 | Slime:1  | Gained mutation: You occasionally shout uncontrollably at
                  | your foes. [a shining eye]
 43229 | Slime:1  | Gained mutation: You have large cloven feet. [a shining
                  | eye]
 43232 | Slime:1  | Gained mutation: Your magical capacity is low. (-10% MP) [a
                  | shining eye]
 44073 | Slime:1  | Gained mutation: You do not regenerate when monsters are
                  | visible. [a shining eye]
 44087 | Slime:1  | Gained mutation: You are weak. (Str -2) [a shining eye]
 44091 | Slime:1  | Gained mutation: Potions are less effective at restoring
                  | your health. [a shining eye]
 44238 | Slime:2  | Gained mutation: You are clumsy. (Dex -2) [a shining eye]
 44906 | Slime:2  | Gained mutation: Your magical capacity is very low. (-20%
                  | MP) [a shining eye]
 45046 | Slime:1  | Reached skill level 21 in Shields
 46128 | Slime:3  | Paralysed by a great orb of eyes for 5 turns
 46146 | Slime:3  | Reached XP level 19. HP: 49/170 MP: 24/24
 46588 | Slime:5  | Entered Level 5 of the Pits of Slime
 47066 | Slime:5  | Gained mutation: You sometimes lose the ability to read
                  | scrolls when taking damage. [a shining eye]
 47070 | Slime:5  | Gained mutation: Armour fits poorly on your strangely
                  | shaped body. [a shining eye]
 47306 | Slime:5  | Gained mutation: You are very weak. (Str -4) [a shining
                  | eye]
 47316 | Slime:5  | Found a viscous altar of Jiyva.
 47317 | Slime:5  | Noticed the Royal Jelly
 47585 | Slime:3  | HP: 6/172 [azure jelly (19)]
 47588 | Slime:3  | The Shining One protects you from harm!
 47588 | Slime:3  | Killed from afar by an acid blob

Illustrated notes

Levels and vault maps discovered:
D:1:      nagdon_arrival_zigzag_paths, layout_basic,
          hellmonk_ecumenical_altar_pennies_from_heaven
D:2:      layout_loops_ring
D:3:      layout_basic, mainiacjoe_overflow_paths, minmay_joined_circles
D:4:      layout_basic, kennysheep_generic_room_8
D:5:      layout_loops_ring, nicolae_ossuary_entry_giza
D:6:      layout_loops_corners, mainiacjoe_overflow_concentric_impassable,
          serial_shops, nicolae_shop_crystal
D:7:      layout_loops_ring, minmay_temple_entry_mist, uniq_pikel, uniq_maggie,
          uniq_harold
D:8:      layout_basic, minmay_crossroads
D:9:      layout_basic
D:10:     hangedman_screamer, layout_basic, okawaru_trees_2, david_orc_5,
          the_hattery
D:11:     layout_rooms, david_lair_generic
D:12:     cheibrodos_fzero, layout_basic, minmay_increasing_density,
          uniq_josephine, uniq_urug
D:13:     layout_gridville, david_vaults_2, david_defended_altar_orc
D:14:     layout_irregular_city
D:15:     gammafunk_depths_entry_grave, layout_irregular_city, fedhas_altar_4
Temple:   mainiacjoe_temple_bowtie_tessellation
Lair:1:   layout_misc_corridors, gammafunk_ghost_cemetery, grunt_megastairs_1
Lair:2:   layout_misc_corridors, gauntlet_entry_generic, uniq_gastronok
Lair:3:   layout_cave_shapes, dummy_spider_entry, special_room
          [special_room_bee], chequers_serial_rivers_micro_b
Lair:4:   layout_regular_city, minmay_swamp_entry_reptiles,
          nicolae_quartered_pool_impasse, serial_bayou_shore_b
Lair:5:   layout_cave_pods, slime_dummy, st_stairs_6, beast_lair_carwin_11,
          grunt_megastairs_3
Lair:6:   minmay_lair_end_enchanted_forest, layout_misc_corridors,
          kilobyte_rumbling_trees
Swamp:1:  layout_falls_marsh, evilmike_swamp_ruin_house_3, swamp_pool1,
          infiniplex_staircase_pool
Swamp:2:  layout_falls_marsh, hangedman_swamp_cone, swamp_pool2,
          hangedman_swamp_pad, nicolae_swamp_hydra_murder_den
Swamp:3:  layout_basic_swamp, nicolae_swamp_fairy_circle, swamp_pool4,
          uniq_donald
Swamp:4:  swamp_alternative, layout_basic_swamp, uniq_louise
Spider:1: layout_spider_delve, drop_trap, hangedman_spider_tarantella_strand
Slime:1:  layout_caves
Slime:2:  layout_caves
Slime:3:  layout_caves
Slime:4:  layout_caves
Slime:5
Orc:1:    layout_diamond_mine, uniq_erolcha, uniq_erica
Orc:2:    grunt_orc_gardens, layout_diamond_mine, grunt_orc_garden,
          grunt_orc_garden, grunt_orc_garden, grunt_orc_garden, uniq_rupert
Elf:1:    nicolae_elf_arrival_no_cutting_in_line, layout_geoelf_grid,
          enter_trove_2, ebering_ghost_disaster_area, serial_shops,
          nicolae_shop_trees, hangedman_elf_disciples, lemuel_flamethrower_hall
Elf:2:    nicolae_elf_blades_crystal_corner, layout_geoelf_grid,
          gammafunk_ghost_fury_of_okawaru
Depths:1: layout_cave_shapes, enter_ziggurat_b, pan_entry,
          minmay_misc_feat_doors, hellmouth_1, st_stairs_7,
          kennysheep_inner_square

Skill      XL: |  1  2  3  4  5  6  7  8  9 10 11 12 13 14 15 16 17 18 19 |
---------------+----------------------------------------------------------+-----
Axes           | 3 4 |  4.7
Invocations    | 1 3 4 5 6 8 10 12 13 14 15 16 | 16.0
Long Blades    | 1 2 3 4 5 7 9 10 12 13 14 15 16 | 16.3
Armour         | 4 5 6 7 8 10 11 12 13 14 | 14.4
Fighting       | 4 5 6 7 8 9 10 11 12 13 14 15 | 15.7
Shields        | 4 5 6 8 9 12 16 17 19 20 21 | 21.2
Evocations     | 1 2 3 4 6 7 8 9 10 11 | 11.2
Dodging        | 1 2 4 5 6 |  6.0
Stealth        | 1 |  1.4
Maces & Flails | 9 10 | 10.6
Throwing       | |  0.7

Action                   |  1- 3 |  4- 6 |  7- 9 | 10-12 | 13-15 | 16-18 | 19-21 || total
-------------------------+-------+-------+-------+-------+-------+-------+-------++-------
Melee: War axe           |    15 |       |       |       |       |       |       ||    15
       Scimitar          |    57 |    82 |   202 |   362 |   933 |  1283 |    89 ||  3008
       Mace              |       |       |       |   299 |   102 |       |       ||   401
       Hand axe          |       |       |       |       |    24 |       |       ||    24
       Long sword        |       |       |       |       |     9 |   311 |       ||   320
Throw: Dart              |       |       |       |       |     7 |       |       ||     7
Invok: Divine Shield     |       |       |       |     2 |       |     9 |       ||    11
       Cleansing Flame   |       |       |       |       |     4 |    10 |       ||    14
       Brand Weapon With |       |       |       |       |     1 |       |       ||     1
       Summon Divine War |       |       |       |       |       |     5 |     1 ||     6
Evoke: Wand              |       |       |       |    13 |     7 |    19 |       ||    39
  Use: Scroll            |     5 |     6 |     4 |     7 |    15 |    12 |       ||    49
       Potion            |       |       |     1 |     2 |     2 |     6 |     3 ||    14
Armor: Scale mail        |    37 |    46 |       |       |       |       |       ||    83
       Plate armour      |       |     2 |   130 |   519 |   941 |   768 |   115 ||  2475
       Chain mail        |       |       |       |       |       |    39 |       ||    39
Dodge: Dodged            |    21 |    31 |    37 |   186 |   331 |   434 |    54 ||  1094
Block: Buckler           |    14 |       |       |       |       |       |       ||    14
       Kite shield       |     3 |    42 |    85 |   416 |  1077 |  1352 |    50 ||  3025
       Reflection        |       |       |       |       |       |     9 |     1 ||    10

Table legend: (Time is in decaauts)
 A = Elapsed time spent in this place.
 B = Non-inter-level travel time spent in this place.
 C = Inter-level travel time spent in this place.
 D = Time resting spent in this place.
 E = Time spent auto-exploring this place.
 F = Levels seen in this place.
 G = Mean time per level.
                   A        B        C        D        E       F      G
               +--------+--------+--------+--------+--------+-----+--------+
         Total |  47677 |  41762 |   5915 |  13738 |  16768 |  40 | 1191.9 |
       Dungeon |  19138 |  17416 |   1722 |   3714 |  10222 |  15 | 1275.9 |
        Temple |    209 |    146 |     63 |      0 |    125 |   1 |  209.0 |
          Lair |   9628 |   7317 |   2311 |   2293 |   2722 |   6 | 1604.7 |
         Swamp |   7894 |   6802 |   1092 |   3654 |   1534 |   4 | 1973.5 |
   Spider Nest |      1 |      1 |      0 |      0 |      0 |   1 |    1.0 |
    Slime Pits |   4778 |   4557 |    221 |   2721 |    397 |   5 |  955.6 |
  Orcish Mines |   2237 |   2028 |    209 |    528 |    868 |   2 | 1118.5 |
   Elven Halls |   2242 |   1947 |    295 |    409 |    526 |   2 | 1121.0 |
        Depths |    284 |    284 |      0 |    157 |      0 |   1 |  284.0 |
         Abyss |    713 |    713 |      0 |    262 |     41 |   2 |  356.5 |
       Ossuary |    547 |    547 |      0 |      0 |    332 |   1 |  547.0 |
               +--------+--------+--------+--------+--------+-----+--------+

Top non-repeatable levels by time:
    D:10: 3216 daAuts
  Lair:5: 2401 daAuts
 Swamp:2: 2354 daAuts
 Swamp:4: 2309 daAuts
   Elf:1: 2220 daAuts
 Swamp:3: 1830 daAuts
 Slime:1: 1824 daAuts
  Lair:1: 1770 daAuts
  Lair:6: 1706 daAuts
    D:13: 1702 daAuts
    D:11: 1689 daAuts
    D:15: 1551 daAuts
    D:12: 1542 daAuts
  Lair:3: 1510 daAuts
 Swamp:1: 1401 daAuts
